Detroit Red Wings vs St.Louis Blues

Created - Thursday, October 16, 2025 at 09:06

Goals
1 2 3 T
Detroit Red Wings 0 0 2 2
St.Louis Blues 1 0 3 4
Shots
1 2 3 T
Detroit Red Wings 5 13 9 27
St.Louis Blues 7 12 7 26

1st period

1. St.Louis Blues , Brandon Hagel 24 (Jack Eichel 37) at 0:45

Penalties :
Max Pacioretty (DET) for Cross-checking (Minor) at 10:58

2nd period

No Goal

Penalties :
Raphael Lavoie (DET) for Holding (Minor) at 5:17, Jackson LaCombe (DET) for Hooking (Minor) at 10:49

3rd period

2. St.Louis Blues , Brayden Point 26 (Robert Thomas 57, Jake Guentzel 22) at 1:12
3. Detroit Red Wings , Cutter Gauthier 27 (Jackson LaCombe 31, Patrick Kane 36) at 3:47 (PP)
4. St.Louis Blues , Mark Stone 7 (Elias Pettersson 17, Vincent Trocheck 24) at 5:02
5. Detroit Red Wings , Max Pacioretty 13 (Cole Sillinger 15, Tanner Pearson 15) at 6:18
6. St.Louis Blues , Mark Stone 8 (Elias Pettersson 18, Jack Eichel 38) at 9:19

Penalties :
Isac Lundestrom (STL) for Hooking (Minor) at 2:35, Jake Guentzel (STL) for Tripping (Minor) at 6:25, Connor Clifton (STL) for Hooking (Minor) at 16:24

Goalie Stats

Laurent Brossoit (DET), 22 saves from 26 shots - (0.846), L, 17-15-5, 60:00 minutes
Connor Hellebuyck (STL), 25 saves from 27 shots - (0.926), W, 29-12-3, 60:00 minutes

Players Stats for Detroit Red Wings

Player Name              G  A  P  +/- PIM S  H  SB GA TA FO     MP     PP MP  PK MP  
------------------------------------------------------------------------------------
Cole Sillinger           0  1  1   0  0   3  1  0  2  1  8/24   20:12   2:28   3:04 
Conor Timmins            0  0  0   1  0   0  1  3  0  2  0/0    18:26   2:27   2:17 
Cutter Gauthier          1  0  1  -1  0   3  0  0  1  0  5/10   17:45   2:42   0:00 
Fraser Minten            0  0  0  -1  0   0  1  0  0  0  0/1    17:45   2:42   0:00 
Jackson LaCombe          0  1  1  -1  2   2  2  1  0  1  0/0    26:32   2:43   2:12 
Jamie Drysdale           0  0  0  -3  0   0  0  2  0  0  0/0    20:25   2:43   1:28 
Jayden Struble           0  0  0   1  0   0  0  0  0  0  0/0    11:10   0:00   0:00 
Kevin Stenlund           0  0  0  -1  0   3  0  1  0  0  9/12   13:15   0:00   2:41 
Max Pacioretty           1  0  1   0  2   1  1  1  1  0  0/1    16:55   2:28   0:00 
Patrick Kane             0  1  1  -1  0   3  0  0  0  0  0/2    17:47   2:42   0:00 
Peyton Krebs             0  0  0  -1  0   2  2  0  1  0  0/0    11:02   0:00   0:12 
Raphael Lavoie           0  0  0  -1  2   0  1  1  0  0  1/1    10:18   0:00   0:00 
Rasmus Kupari            0  0  0  -1  0   3  0  0  0  0  2/4    11:05   0:00   2:38 
Ryan Graves              0  0  0  -1  0   3  1  1  0  1  0/0    22:10   0:00   2:58 
Shayne Gostisbehere      0  0  0  -3  0   1  0  1  1  0  0/0    20:29   2:27   2:59 
Tanner Pearson           0  1  1   0  0   1  1  0  0  2  0/0    17:22   2:28   0:00 
Vasili Podkolzin         0  0  0  -1  0   2  1  1  0  1  0/0    10:05   0:00   0:22 
Yakov Trenin             0  0  0  -1  0   0  0  2  0  0  0/0    11:17   0:00   2:57 

Players Stats for St.Louis Blues

Player Name              G  A  P  +/- PIM S  H  SB GA TA FO     MP     PP MP  PK MP  
------------------------------------------------------------------------------------
Adam Pelech              0  0  0   1  0   0  1  1  0  0  0/0    12:00   0:00   0:00 
Alex Tuch                0  0  0   1  0   0  2  1  0  1  0/1    17:34   2:51   0:00 
Brandon Hagel            1  0  1   1  0   1  1  1  1  0  0/2    17:27   2:51   0:00 
Brayden Point            1  0  1   1  0   4  0  0  0  0  0/0    18:05   3:11   0:00 
Colton Parayko           0  0  0   1  0   0  0  0  0  1  0/0    22:36   0:00   2:35 
Connor Clifton           0  0  0   1  2   0  0  0  0  0  0/0    13:38   0:00   1:27 
Elias Pettersson         0  2  2   2  0   1  1  0  1  0  0/0    11:02   0:00   0:29 
Isac Lundestrom          0  0  0  -1  2   1  0  1  1  0  0/2    11:19   0:00   1:41 
Jaccob Slavin            0  0  0   1  0   1  1  1  1  2  0/0    18:06   0:00   2:35 
Jack Eichel              0  2  2   1  0   3  1  0  0  0  10/15  18:36   3:06   0:53 
Jake Guentzel            0  1  1   1  2   2  2  0  0  0  1/2    17:55   3:06   0:00 
Jake Sanderson           0  0  0   1  0   2  1  3  2  1  0/0    26:23   3:11   3:03 
Joona Koppanen           0  0  0  -1  0   0  1  1  0  0  0/0    12:06   0:00   2:27 
Logan O'Connor           0  0  0  -1  0   1  2  1  1  0  0/0    12:14   0:00   2:23 
Mark Stone               2  0  2   2  0   4  0  0  0  0  1/1    13:02   2:46   0:00 
Mikhail Sergachev        0  0  0   1  0   0  0  2  1  0  0/0    19:44   2:46   0:40 
Robert Thomas            0  1  1   1  0   3  1  0  0  0  12/21  17:52   3:06   0:00 
Vincent Trocheck         0  1  1   2  0   3  0  1  0  1  6/11   15:08   2:51   2:27 

3 Stars

1 - Mark Stone (STL)
2 - Elias Pettersson (STL)
3 - Brandon Hagel (STL)

Power Play

Detroit Red Wings - 1 on 3 Attempt(s) - 33.33%
St.Louis Blues - 0 on 3 Attempt(s) - 0.00%

Penalty Kill

Detroit Red Wings - 3 on 3 Attempt(s) - 100.00% - Score 0 goal in Penalty Kill
St.Louis Blues - 2 on 3 Attempt(s) - 66.67% - Score 0 goal in Penalty Kill

Team Stat

Detroit Red Wings - Hits : 12 - Faceoff Wins : 25 - Blocked Shots : 14 - Penalty Minutes : 6
St.Louis Blues - Hits : 14 - Faceoff Wins : 30 - Blocked Shots : 13 - Penalty Minutes : 6

Official

Referees : Brian Pochmara and Graham Skilliter
Linesman : James Tobias and Mark Shewchyk

Game Notes

No Game Note

Finance

Level 1 -- Attendance: 5227 (87.12%) -- Ticket Income $496,565
Level 2 -- Attendance: 3615 (72.30%) -- Ticket Income $206,055
Level 3 -- Attendance: 2936 (97.87%) -- Ticket Income $96,888
Level 4 -- Attendance: 3569 (71.38%) -- Ticket Income $82,087
Luxury Box -- Attendance: 756 (75.60%) -- Ticket Income $146,664
Game was played at the Scottrade Center.
Total Attendance: 16103 (80.52%)
Total Ticket Income: $1,028,259
Other Income: $359,891
Total Income: $1,388,150

Detroit Red Wings

5 vs 5 Forward 
   Center                   Left Wing                Right Wing               Time % Phy DF OF 
 1 Cutter Gauthier          Fraser Minten            Patrick Kane             35     1   2  2  
 2 Cole Sillinger           Tanner Pearson           Max Pacioretty           35     1   1  3  
 3 Kevin Stenlund           Peyton Krebs             Raphael Lavoie           20     1   2  2  
 4 Rasmus Kupari            Vasili Podkolzin         Yakov Trenin             10     2   2  1  

5 vs 5 Defense 
   Defense                  Defense                                           Time % Phy DF OF 
 1 Ryan Graves              Jackson LaCombe                                   40     1   2  2  
 2 Jamie Drysdale           Shayne Gostisbehere                               30     1   2  2  
 3 Conor Timmins            Jayden Struble                                    20     3   1  1  
 4 Jamie Drysdale           Jackson LaCombe                                   10     1   2  2  

PowerPlay Forward 
   Center                   Left Wing                Right Wing               Time % Phy DF OF 
 1 Cutter Gauthier          Fraser Minten            Patrick Kane             50     0   1  4  
 2 Cole Sillinger           Tanner Pearson           Max Pacioretty           50     0   1  4  

PowerPlay Defense
   Defense                  Defense                                           Time % Phy DF OF 
 1 Jamie Drysdale           Jackson LaCombe                                   50     1   2  2  
 2 Conor Timmins            Shayne Gostisbehere                               50     1   2  2  

Penalty Kill 4 Players Forward 
   Center                   Wing                     Time % Phy DF OF 
 1 Kevin Stenlund           Rasmus Kupari            50     2   2  1  
 2 Cole Sillinger           Yakov Trenin             50     2   2  1  

Penalty Kill 4 Players Defense
   Defense                  Defense                  Time % Phy DF OF 
 1 Ryan Graves              Jackson LaCombe          50     2   2  1  
 2 Conor Timmins            Shayne Gostisbehere      50     2   2  1  

Penalty Kill - 3 Players Forward 
   Forward                                           Time % Phy DF OF 
 1 Cutter Gauthier                                   50     1   2  2  
 2 Cole Sillinger                                    50     1   2  2  

Penalty Kill - 3 Players Defense
   Defense                  Defense                  Time % Phy DF OF 
 1 Ryan Graves              Jackson LaCombe          50     1   2  2  
 2 Conor Timmins            Shayne Gostisbehere      50     2   2  1  

4 vs 4 Forward 
   Center                   Wing                     Time % Phy DF OF 
 1 Cutter Gauthier          Patrick Kane             60     1   2  2  
 2 Cole Sillinger           Fraser Minten            40     1   1  3  

4 vs 4 Defense
   Defense                  Defense                  Time % Phy DF OF 
 1 Ryan Graves              Jackson LaCombe          60     1   2  2  
 2 Jamie Drysdale           Shayne Gostisbehere      40     1   2  2  

Last Minutes Offensive
   Center                   Left Wing                Right Wing               Defense                  Defense                  
   Cutter Gauthier          Cole Sillinger           Patrick Kane             Jamie Drysdale           Jackson LaCombe          

Last Minutes Defensive
   Center                   Left Wing                Right Wing               Defense                  Defense                  
   Cutter Gauthier          Cole Sillinger           Patrick Kane             Jamie Drysdale           Jackson LaCombe          

Goaltenders
Starting : Laurent Brossoit         
Backup : Vitek Vanecek            

Extra Forwards
Normal : Kevin Stenlund, Peyton Krebs, Tanner Pearson - PP : Kevin Stenlund, Tanner Pearson - PK : Yakov Trenin
Extra Defensemen
Normal : Shayne Gostisbehere, Jamie Drysdale, Ryan Graves - PP : Shayne Gostisbehere - PK : Shayne Gostisbehere, Jamie Drysdale
Penalty Shots
Cutter Gauthier, Patrick Kane, Cole Sillinger, Max Pacioretty, Fraser Minten

Scratches
Daniel Torgersson (Healthy), Christian Fischer (Healthy), Kasperi Kapanen (Healthy), Jett Woo (Healthy), Ville Husso (Healthy)

St.Louis Blues

5 vs 5 Forward 
   Center                   Left Wing                Right Wing               Time % Phy DF OF 
 1 Robert Thomas            Jake Guentzel            Brayden Point            35     0   2  3  
 2 Jack Eichel              Brandon Hagel            Alex Tuch                35     0   2  3  
 3 Vincent Trocheck         Elias Pettersson         Mark Stone               25     1   2  2  
 4 Isac Lundestrom          Joona Koppanen           Logan O'Connor           5      1   3  1  

5 vs 5 Defense 
   Defense                  Defense                                           Time % Phy DF OF 
 1 Jake Sanderson           Colton Parayko                                    45     1   2  2  
 2 Mikhail Sergachev        Jaccob Slavin                                     35     1   2  2  
 3 Adam Pelech              Connor Clifton                                    20     1   3  1  
 4 Jake Sanderson           Colton Parayko                                    0      1   2  2  

PowerPlay Forward 
   Center                   Left Wing                Right Wing               Time % Phy DF OF 
 1 Robert Thomas            Jack Eichel              Jake Guentzel            60     1   0  4  
 2 Vincent Trocheck         Brandon Hagel            Alex Tuch                40     1   0  4  

PowerPlay Defense
   Defense                  Defense                                           Time % Phy DF OF 
 1 Brayden Point            Jake Sanderson                                    60     0   1  4  
 2 Mark Stone               Mikhail Sergachev                                 40     0   1  4  

Penalty Kill 4 Players Forward 
   Center                   Wing                     Time % Phy DF OF 
 1 Vincent Trocheck         Joona Koppanen           50     2   3  0  
 2 Isac Lundestrom          Logan O'Connor           50     2   3  0  

Penalty Kill 4 Players Defense
   Defense                  Defense                  Time % Phy DF OF 
 1 Jaccob Slavin            Connor Clifton           50     2   3  0  
 2 Jake Sanderson           Colton Parayko           50     2   3  0  

Penalty Kill - 3 Players Forward 
   Forward                                           Time % Phy DF OF 
 1 Vincent Trocheck                                  50     0   5  0  
 2 Isac Lundestrom                                   50     0   5  0  

Penalty Kill - 3 Players Defense
   Defense                  Defense                  Time % Phy DF OF 
 1 Jaccob Slavin            Connor Clifton           50     0   5  0  
 2 Jake Sanderson           Colton Parayko           50     0   5  0  

4 vs 4 Forward 
   Center                   Wing                     Time % Phy DF OF 
 1 Jack Eichel              Brayden Point            50     0   2  3  
 2 Robert Thomas            Jake Guentzel            50     0   2  3  

4 vs 4 Defense
   Defense                  Defense                  Time % Phy DF OF 
 1 Jake Sanderson           Mikhail Sergachev        50     0   3  2  
 2 Colton Parayko           Jaccob Slavin            50     0   3  2  

Last Minutes Offensive
   Center                   Left Wing                Right Wing               Defense                  Defense                  
   Robert Thomas            Jack Eichel              Jake Guentzel            Brayden Point            Mikhail Sergachev        

Last Minutes Defensive
   Center                   Left Wing                Right Wing               Defense                  Defense                  
   Vincent Trocheck         Isac Lundestrom          Logan O'Connor           Jake Sanderson           Jaccob Slavin            

Goaltenders
Starting : Connor Hellebuyck        
Backup : Scott Wedgewood          

Extra Forwards
Normal : Brandon Hagel, Jake Guentzel, Alex Tuch - PP : Vincent Trocheck, Brayden Point - PK : Jack Eichel
Extra Defensemen
Normal : Jake Sanderson, Mikhail Sergachev, Colton Parayko - PP : Jake Sanderson - PK : Jaccob Slavin, Jake Sanderson
Penalty Shots
Vincent Trocheck, Jack Eichel, Brayden Point, Jake Guentzel, Brandon Hagel

Scratches
Artem Zub (Healthy), Luke Glendening (Healthy), Yanni Gourde (Healthy)

% Time on Ice - Detroit Red Wings

Lines # - Real PCT - Wanted PCT - Time Play
Normal Forward
1 - 33% - 35% - 15:59
2 - 31% - 35% - 15:19
3 - 20% - 20% - 9:46
4 - 16% - 10% - 7:49
Normal Defense
1 - 41% - 40% - 20:11
2 - 31% - 30% - 15:07
3 - 22% - 20% - 10:47
4 - 6% - 10% - 2:48
PP Forward
1 - 52% - 50% - 2:42
2 - 48% - 50% - 2:28
PP Defense
1 - 53% - 50% - 2:43
2 - 47% - 50% - 2:27
PK Forward
1 - 48% - 50% - 2:53
2 - 52% - 50% - 3:04
PK Defense
1 - 62% - 50% - 3:40
2 - 38% - 50% - 2:17
PK3 Forward
1 - 0% - 50%
2 - 0% - 50%
PK3 Defense
1 - 0% - 50%
2 - 0% - 50%
44 Forward
1 - 0% - 60%
2 - 0% - 40%
44 Defense
1 - 0% - 60%
2 - 0% - 40%
Last Minute Offensive  - 0:00
Last Minute Defensive  - 0:00
Total
Forward - 60:00
Defense - 60:00

% Time on Ice - St.Louis Blues

Lines # - Real PCT - Wanted PCT - Time Play
Normal Forward
1 - 30% - 35% - 14:52
2 - 29% - 35% - 14:10
3 - 21% - 25% - 10:12
4 - 20% - 5% - 9:39
Normal Defense
1 - 42% - 45% - 20:41
2 - 33% - 35% - 16:18
3 - 24% - 20% - 11:54
4 - 0% - 0% - 0:00
PP Forward
1 - 52% - 60% - 3:06
2 - 48% - 40% - 2:51
PP Defense
1 - 54% - 60% - 3:11
2 - 46% - 40% - 2:46
PK Forward
1 - 54% - 50% - 2:47
2 - 46% - 50% - 2:23
PK Defense
1 - 52% - 50% - 2:42
2 - 48% - 50% - 2:28
PK3 Forward
1 - 0% - 50%
2 - 0% - 50%
PK3 Defense
1 - 0% - 50%
2 - 0% - 50%
44 Forward
1 - 0% - 50%
2 - 0% - 50%
44 Defense
1 - 0% - 50%
2 - 0% - 50%
Last Minute Offensive  - 0:00
Last Minute Defensive  - 0:00
Total
Forward - 60:00
Defense - 60:00

Play-by-Play

1st period


0:01 of 1st period - Robert Thomas wins face-off versus Fraser Minten in neutral zone.
0:04 of 1st period - Snap shot by Brayden Point.
0:04 of 1st period - Stopped by Laurent Brossoit without a rebound.
0:05 of 1st period - Robert Thomas wins face-off versus Cutter Gauthier in Detroit Red Wings zone.
0:08 of 1st period - Snap shot by Brayden Point.
0:08 of 1st period - Deflect By Robert Thomas.
0:08 of 1st period - Shot Misses the Net.
0:08 of 1st period - Puck is out of play.
0:09 of 1st period - Robert Thomas wins face-off versus Patrick Kane in Detroit Red Wings zone.
0:29 of 1st period - Snap shot by Brayden Point.
0:29 of 1st period - Deflect By Jake Guentzel.
0:29 of 1st period - Stopped by Laurent Brossoit with a rebound.
0:31 of 1st period - Slapshot by Jake Sanderson.
0:31 of 1st period - Deflect By Ryan Graves.
0:31 of 1st period - Stopped by Laurent Brossoit with a rebound.
0:33 of 1st period - Slapshot by Jake Sanderson.
0:33 of 1st period - Deflect By Jake Guentzel.
0:33 of 1st period - Shot Misses the Net.
0:33 of 1st period - Puck is out of play.
0:34 of 1st period - Jack Eichel wins face-off versus Cole Sillinger in Detroit Red Wings zone.
0:41 of 1st period - Wrist shot by Brandon Hagel.
0:41 of 1st period - Deflect By Jack Eichel.
0:41 of 1st period - Stopped by Laurent Brossoit with a rebound.
0:43 of 1st period - Snap shot by Brandon Hagel.
0:43 of 1st period - Shot Misses the Net.
0:45 of 1st period - Wrist shot by Brandon Hagel.
0:45 of 1st period - Goal by Brandon Hagel - Detroit Red Wings : 0 - St.Louis Blues : 1.
0:46 of 1st period - Vincent Trocheck wins face-off versus Kevin Stenlund in neutral zone.
0:51 of 1st period - Wrist shot by Vincent Trocheck.
0:51 of 1st period - Shot Blocked by Conor Timmins.
0:53 of 1st period - Snap shot by Connor Clifton.
0:53 of 1st period - Shot Blocked by Conor Timmins.
1:29 of 1st period - Snap shot by Jack Eichel.
1:29 of 1st period - Shot Misses the Net.
2:45 of 1st period - Snap shot by Kevin Stenlund.
2:45 of 1st period - Stopped by Connor Hellebuyck with a rebound.
2:47 of 1st period - Snap shot by Kevin Stenlund.
2:47 of 1st period - Shot Misses the Net.
2:49 of 1st period - Snap shot by Kevin Stenlund.
2:49 of 1st period - Shot Blocked by Mikhail Sergachev.
3:05 of 1st period - Snap shot by Elias Pettersson.
3:05 of 1st period - Stopped by Laurent Brossoit with a rebound.
3:25 of 1st period - Slapshot by Robert Thomas.
3:25 of 1st period - Shot Blocked by Jamie Drysdale.
4:13 of 1st period - Ryan Graves is hit by Adam Pelech and loses puck.
4:24 of 1st period - Wrist shot by Jack Eichel.
4:24 of 1st period - Shot Misses the Net.
4:36 of 1st period - Jackson LaCombe is hit by Logan O'Connor and loses puck.
5:05 of 1st period - Vincent Trocheck is hit by Max Pacioretty.
5:06 of 1st period - Icing by Vincent Trocheck.
5:07 of 1st period - Cutter Gauthier wins face-off versus Vincent Trocheck in St.Louis Blues zone.
5:16 of 1st period - Snap shot by Patrick Kane.
5:16 of 1st period - Stopped by Connor Hellebuyck without a rebound.
5:17 of 1st period - Cutter Gauthier wins face-off versus Jack Eichel in St.Louis Blues zone.
7:22 of 1st period - Snap shot by Patrick Kane.
7:22 of 1st period - Shot Misses the Net.
7:40 of 1st period - Slapshot by Logan O'Connor.
7:40 of 1st period - Deflect By Isac Lundestrom.
7:40 of 1st period - Stopped by Laurent Brossoit with a rebound.
8:33 of 1st period - Wrist shot by Patrick Kane.
8:33 of 1st period - Stopped by Connor Hellebuyck with a rebound.
8:39 of 1st period - Joona Koppanen is hit by Conor Timmins and loses puck.
10:10 of 1st period - Cutter Gauthier is hit by Joona Koppanen and loses puck.
10:43 of 1st period - Icing by Joona Koppanen.
10:44 of 1st period - Cole Sillinger wins face-off versus Isac Lundestrom in St.Louis Blues zone.
10:58 of 1st period - Minor Penalty to Max Pacioretty for Cross-checking.
10:59 of 1st period - Kevin Stenlund wins face-off versus Robert Thomas in Detroit Red Wings zone.
11:26 of 1st period - Brandon Hagel is hit by Jackson LaCombe and loses puck.
12:58 of 1st period - Penalty to Max Pacioretty is over, Max Pacioretty is back on ice.
13:13 of 1st period - Mikhail Sergachev is hit by Peyton Krebs.
13:34 of 1st period - Icing by Jaccob Slavin.
13:35 of 1st period - Rasmus Kupari wins face-off versus Robert Thomas in St.Louis Blues zone.
13:44 of 1st period - Wrist shot by Rasmus Kupari.
13:44 of 1st period - Stopped by Connor Hellebuyck with a rebound.
14:31 of 1st period - Vincent Trocheck is hit by Tanner Pearson and loses puck.
14:38 of 1st period - Snap shot by Max Pacioretty.
14:38 of 1st period - Shot Misses the Net.
14:40 of 1st period - Slapshot by Vasili Podkolzin.
14:40 of 1st period - Stopped by Connor Hellebuyck with a rebound.
15:24 of 1st period - Jackson LaCombe is hit by Alex Tuch and loses puck.
17:17 of 1st period - Icing by Jake Guentzel.
17:18 of 1st period - Mark Stone wins face-off versus Cole Sillinger in St.Louis Blues zone.
19:24 of 1st period - Icing by Connor Clifton.
19:25 of 1st period - Jake Guentzel wins face-off versus Cole Sillinger in St.Louis Blues zone.
Goals for this period are 0 for Detroit Red Wings vs 1 for St.Louis Blues.
Shots for this period are 5 for Detroit Red Wings vs 7 for St.Louis Blues.

2nd period


0:01 of 2nd period - Cole Sillinger wins face-off versus Jack Eichel in neutral zone.
0:12 of 2nd period - Wrist shot by Cole Sillinger.
0:12 of 2nd period - Stopped by Connor Hellebuyck with a rebound.
0:14 of 2nd period - Slapshot by Jackson LaCombe.
0:14 of 2nd period - Stopped by Connor Hellebuyck without a rebound.
0:15 of 2nd period - Kevin Stenlund wins face-off versus Robert Thomas in St.Louis Blues zone.
0:28 of 2nd period - Snap shot by Robert Thomas.
0:28 of 2nd period - Shot Blocked by Kevin Stenlund.
0:30 of 2nd period - Slapshot by Colton Parayko.
0:30 of 2nd period - Shot Blocked by Raphael Lavoie.
0:32 of 2nd period - Wrist shot by Brayden Point.
0:32 of 2nd period - Stopped by Laurent Brossoit without a rebound.
0:33 of 2nd period - Jack Eichel wins face-off versus Cole Sillinger in Detroit Red Wings zone.
1:46 of 2nd period - Slapshot by Jake Sanderson.
1:46 of 2nd period - Stopped by Laurent Brossoit without a rebound.
1:47 of 2nd period - Cole Sillinger wins face-off versus Robert Thomas in Detroit Red Wings zone.
1:56 of 2nd period - Off-side.
1:57 of 2nd period - Robert Thomas wins face-off versus Cole Sillinger in neutral zone.
2:35 of 2nd period - Snap shot by Max Pacioretty.
2:35 of 2nd period - Shot Misses the Net.
2:37 of 2nd period - Snap shot by Cole Sillinger.
2:37 of 2nd period - Shot Blocked by Mikhail Sergachev.
2:39 of 2nd period - Snap shot by Cole Sillinger.
2:39 of 2nd period - Shot Misses the Net.
2:58 of 2nd period - Slapshot by Shayne Gostisbehere.
2:58 of 2nd period - Shot Misses the Net.
3:00 of 2nd period - Wrist shot by Jamie Drysdale.
3:00 of 2nd period - Shot Misses the Net.
3:02 of 2nd period - Snap shot by Tanner Pearson.
3:02 of 2nd period - Stopped by Connor Hellebuyck without a rebound.
3:03 of 2nd period - Kevin Stenlund wins face-off versus Brandon Hagel in St.Louis Blues zone.
3:10 of 2nd period - Snap shot by Raphael Lavoie.
3:10 of 2nd period - Shot Misses the Net.
3:12 of 2nd period - Wrist shot by Kevin Stenlund.
3:12 of 2nd period - Shot Misses the Net.
3:14 of 2nd period - Slapshot by Ryan Graves.
3:14 of 2nd period - Deflect By Raphael Lavoie.
3:14 of 2nd period - Shot Blocked by Brandon Hagel.
3:14 of 2nd period - Puck is out of play.
3:15 of 2nd period - Kevin Stenlund wins face-off versus Jack Eichel in St.Louis Blues zone.
3:20 of 2nd period - Wrist shot by Peyton Krebs.
3:20 of 2nd period - Stopped by Connor Hellebuyck with a rebound.
3:22 of 2nd period - Wrist shot by Kevin Stenlund.
3:22 of 2nd period - Stopped by Connor Hellebuyck with a rebound.
3:24 of 2nd period - Slapshot by Ryan Graves.
3:24 of 2nd period - Stopped by Connor Hellebuyck without a rebound.
3:25 of 2nd period - Raphael Lavoie wins face-off versus Jack Eichel in St.Louis Blues zone.
3:26 of 2nd period - Snap shot by Peyton Krebs.
3:26 of 2nd period - Stopped by Connor Hellebuyck with a rebound.
3:28 of 2nd period - Slapshot by Jackson LaCombe.
3:28 of 2nd period - Deflect By Jack Eichel.
3:28 of 2nd period - Stopped by Connor Hellebuyck without a rebound.
3:29 of 2nd period - Robert Thomas wins face-off versus Kevin Stenlund in St.Louis Blues zone.
4:05 of 2nd period - Patrick Kane is hit by Robert Thomas and loses puck.
4:12 of 2nd period - Slapshot by Brayden Point.
4:12 of 2nd period - Shot Misses the Net.
4:34 of 2nd period - Wrist shot by Robert Thomas.
4:34 of 2nd period - Stopped by Laurent Brossoit with a rebound.
4:36 of 2nd period - Snap shot by Brayden Point.
4:36 of 2nd period - Stopped by Laurent Brossoit with a rebound.
4:38 of 2nd period - Wrist shot by Jake Guentzel.
4:38 of 2nd period - Stopped by Laurent Brossoit with a rebound.
4:40 of 2nd period - Slapshot by Jake Sanderson.
4:40 of 2nd period - Deflect By Robert Thomas.
4:40 of 2nd period - Shot Misses the Net.
4:40 of 2nd period - Puck is out of play.
4:41 of 2nd period - Cole Sillinger wins face-off versus Alex Tuch in Detroit Red Wings zone.
4:54 of 2nd period - Snap shot by Tanner Pearson.
4:54 of 2nd period - Shot Misses the Net.
4:56 of 2nd period - Slapshot by Tanner Pearson.
4:56 of 2nd period - Shot Misses the Net.
5:17 of 2nd period - Minor Penalty to Raphael Lavoie for Holding.
5:18 of 2nd period - Kevin Stenlund wins face-off versus Vincent Trocheck in Detroit Red Wings zone.
5:32 of 2nd period - Snap shot by Vincent Trocheck.
5:32 of 2nd period - Stopped by Laurent Brossoit with a rebound.
5:34 of 2nd period - Backhand shot by Brandon Hagel.
5:34 of 2nd period - Shot Misses the Net.
5:44 of 2nd period - Jake Guentzel is hit by Cole Sillinger.
5:48 of 2nd period - Snap shot by Mark Stone.
5:48 of 2nd period - Shot Blocked by Yakov Trenin.
5:50 of 2nd period - Snap shot by Jack Eichel.
5:50 of 2nd period - Stopped by Laurent Brossoit with a rebound.
6:21 of 2nd period - Icing by Alex Tuch.
6:22 of 2nd period - Kevin Stenlund wins face-off versus Vincent Trocheck in St.Louis Blues zone.
6:27 of 2nd period - Wrist shot by Rasmus Kupari.
6:27 of 2nd period - Stopped by Connor Hellebuyck without a rebound.
6:28 of 2nd period - Robert Thomas wins face-off versus Cole Sillinger in St.Louis Blues zone.
7:17 of 2nd period - Penalty to Raphael Lavoie is over, Raphael Lavoie is back on ice.
7:26 of 2nd period - Slapshot by Shayne Gostisbehere.
7:26 of 2nd period - Shot Misses the Net.
9:22 of 2nd period - Icing by Yakov Trenin.
9:23 of 2nd period - Rasmus Kupari wins face-off versus Isac Lundestrom in Detroit Red Wings zone.
9:23 of 2nd period - Rasmus Kupari is hit by Jaccob Slavin.
10:15 of 2nd period - Backhand shot by Rasmus Kupari.
10:15 of 2nd period - Deflect By Jake Sanderson.
10:15 of 2nd period - Shot Blocked by Isac Lundestrom.
10:15 of 2nd period - Puck is out of play.
10:16 of 2nd period - Jack Eichel wins face-off versus Cole Sillinger in St.Louis Blues zone.
10:22 of 2nd period - Off-side.
10:23 of 2nd period - Jack Eichel wins face-off versus Cole Sillinger in neutral zone.
10:34 of 2nd period - Slapshot by Jackson LaCombe.
10:34 of 2nd period - Shot Misses the Net.
10:49 of 2nd period - Minor Penalty to Jackson LaCombe for Hooking.
10:50 of 2nd period - Kevin Stenlund wins face-off versus Robert Thomas in Detroit Red Wings zone.
11:38 of 2nd period - Kevin Stenlund is hit by Jack Eichel and loses puck.
12:49 of 2nd period - Penalty to Jackson LaCombe is over, Jackson LaCombe is back on ice.
13:01 of 2nd period - Slapshot by Logan O'Connor.
13:01 of 2nd period - Stopped by Laurent Brossoit with a rebound.
13:03 of 2nd period - Wrist shot by Logan O'Connor.
13:03 of 2nd period - Shot Blocked by Vasili Podkolzin.
13:05 of 2nd period - Slapshot by Adam Pelech.
13:05 of 2nd period - Shot Misses the Net.
13:07 of 2nd period - Snap shot by Joona Koppanen.
13:07 of 2nd period - Shot Misses the Net.
13:17 of 2nd period - Slapshot by Shayne Gostisbehere.
13:17 of 2nd period - Shot Blocked by Adam Pelech.
13:23 of 2nd period - Conor Timmins is hit by Elias Pettersson and loses puck.
14:04 of 2nd period - Jake Sanderson is hit by Raphael Lavoie and loses puck.
14:08 of 2nd period - Icing by Jake Sanderson.
14:09 of 2nd period - Cutter Gauthier wins face-off versus Robert Thomas in St.Louis Blues zone.
14:12 of 2nd period - Snap shot by Cutter Gauthier.
14:12 of 2nd period - Shot Misses the Net.
14:14 of 2nd period - Snap shot by Jackson LaCombe.
14:14 of 2nd period - Shot Blocked by Jaccob Slavin.
14:16 of 2nd period - Backhand shot by Ryan Graves.
14:16 of 2nd period - Shot Misses the Net.
14:18 of 2nd period - Slapshot by Ryan Graves.
14:18 of 2nd period - Deflect By Mikhail Sergachev.
14:18 of 2nd period - Stopped by Connor Hellebuyck with a rebound.
14:34 of 2nd period - Jaccob Slavin is hit by Jackson LaCombe and loses puck.
14:41 of 2nd period - Snap shot by Tanner Pearson.
14:41 of 2nd period - Shot Misses the Net.
14:43 of 2nd period - Slapshot by Cole Sillinger.
14:43 of 2nd period - Stopped by Connor Hellebuyck with a rebound.
16:18 of 2nd period - Off-side.
16:19 of 2nd period - Vincent Trocheck wins face-off versus Rasmus Kupari in neutral zone.
16:28 of 2nd period - Off-side.
16:29 of 2nd period - Vincent Trocheck wins face-off versus Cole Sillinger in neutral zone.
16:46 of 2nd period - Slapshot by Vincent Trocheck.
16:46 of 2nd period - Stopped by Laurent Brossoit with a rebound.
16:48 of 2nd period - Slapshot by Jake Sanderson.
16:48 of 2nd period - Shot Misses the Net.
16:50 of 2nd period - Slapshot by Mark Stone.
16:50 of 2nd period - Deflect By Jamie Drysdale.
16:50 of 2nd period - Stopped by Laurent Brossoit without a rebound.
16:51 of 2nd period - Jack Eichel wins face-off versus Cutter Gauthier in Detroit Red Wings zone.
17:23 of 2nd period - Snap shot by Brayden Point.
17:23 of 2nd period - Shot Blocked by Shayne Gostisbehere.
17:25 of 2nd period - Snap shot by Brayden Point.
17:25 of 2nd period - Shot Misses the Net.
17:27 of 2nd period - Wrist shot by Jake Guentzel.
17:27 of 2nd period - Shot Blocked by Jamie Drysdale.
17:29 of 2nd period - Slapshot by Colton Parayko.
17:29 of 2nd period - Deflect By Robert Thomas.
17:29 of 2nd period - Stopped by Laurent Brossoit with a rebound.
17:31 of 2nd period - Slapshot by Jake Sanderson.
17:31 of 2nd period - Shot Misses the Net.
18:09 of 2nd period - Slapshot by Brandon Hagel.
18:09 of 2nd period - Shot Misses the Net.
18:19 of 2nd period - Rasmus Kupari is hit by Jake Guentzel and loses puck.
18:34 of 2nd period - Wrist shot by Yakov Trenin.
18:34 of 2nd period - Shot Misses the Net.
18:44 of 2nd period - Snap shot by Logan O'Connor.
18:44 of 2nd period - Shot Blocked by Ryan Graves.
19:02 of 2nd period - Wrist shot by Patrick Kane.
19:02 of 2nd period - Stopped by Connor Hellebuyck without a rebound.
19:03 of 2nd period - Cutter Gauthier wins face-off versus Brandon Hagel in St.Louis Blues zone.
19:08 of 2nd period - Snap shot by Cutter Gauthier.
19:08 of 2nd period - Stopped by Connor Hellebuyck without a rebound.
19:09 of 2nd period - Jack Eichel wins face-off versus Cole Sillinger in St.Louis Blues zone.
19:18 of 2nd period - Slapshot by Jack Eichel.
19:18 of 2nd period - Stopped by Laurent Brossoit without a rebound.
19:19 of 2nd period - Jack Eichel wins face-off versus Cole Sillinger in Detroit Red Wings zone.
Goals for this period are 0 for Detroit Red Wings vs 0 for St.Louis Blues.
Shots for this period are 13 for Detroit Red Wings vs 12 for St.Louis Blues.

3rd period


0:01 of 3rd period - Cole Sillinger wins face-off versus Jack Eichel in neutral zone.
0:06 of 3rd period - Snap shot by Max Pacioretty.
0:06 of 3rd period - Shot Misses the Net.
0:08 of 3rd period - Slapshot by Ryan Graves.
0:08 of 3rd period - Stopped by Connor Hellebuyck without a rebound.
0:09 of 3rd period - Jack Eichel wins face-off versus Cole Sillinger in St.Louis Blues zone.
0:59 of 3rd period - Off-side.
1:00 of 3rd period - Robert Thomas wins face-off versus Patrick Kane in neutral zone.
1:10 of 3rd period - Wrist shot by Robert Thomas.
1:10 of 3rd period - Stopped by Laurent Brossoit with a rebound.
1:12 of 3rd period - Slapshot by Brayden Point.
1:12 of 3rd period - Goal by Brayden Point - Detroit Red Wings : 0 - St.Louis Blues : 2.
1:13 of 3rd period - Robert Thomas wins face-off versus Cutter Gauthier in neutral zone.
1:24 of 3rd period - Snap shot by Patrick Kane.
1:24 of 3rd period - Shot Misses the Net.
1:26 of 3rd period - Slapshot by Cutter Gauthier.
1:26 of 3rd period - Shot Hit the Post.
1:28 of 3rd period - Snap shot by Cutter Gauthier.
1:28 of 3rd period - Stopped by Connor Hellebuyck with a rebound.
1:42 of 3rd period - Ryan Graves is hit by Brandon Hagel and loses puck.
2:35 of 3rd period - Minor Penalty to Isac Lundestrom for Hooking.
2:36 of 3rd period - Vincent Trocheck wins face-off versus Cutter Gauthier in St.Louis Blues zone.
3:25 of 3rd period - Jaccob Slavin is hit by Fraser Minten and loses puck.
3:45 of 3rd period - Slapshot by Jackson LaCombe.
3:45 of 3rd period - Shot Misses the Net.
3:47 of 3rd period - Snap shot by Cutter Gauthier.
3:47 of 3rd period - Goal by Cutter Gauthier - Detroit Red Wings : 1 - St.Louis Blues : 2.
3:48 of 3rd period - Robert Thomas wins face-off versus Cole Sillinger in neutral zone.
4:18 of 3rd period - Slapshot by Jackson LaCombe.
4:18 of 3rd period - Shot Misses the Net.
4:34 of 3rd period - Vincent Trocheck is hit by Ryan Graves.
4:35 of 3rd period - Icing by Vincent Trocheck.
4:36 of 3rd period - Vincent Trocheck wins face-off versus Rasmus Kupari in St.Louis Blues zone.
4:41 of 3rd period - Vincent Trocheck is hit by Vasili Podkolzin and loses puck.
4:50 of 3rd period - Wrist shot by Vincent Trocheck.
4:50 of 3rd period - Shot Blocked by Yakov Trenin.
4:52 of 3rd period - Snap shot by Mark Stone.
4:52 of 3rd period - Stopped by Laurent Brossoit with a rebound.
5:00 of 3rd period - Wrist shot by Elias Pettersson.
5:00 of 3rd period - Shot Misses the Net.
5:02 of 3rd period - Snap shot by Elias Pettersson.
5:02 of 3rd period - Deflect By Mark Stone.
5:02 of 3rd period - Goal by Mark Stone - Detroit Red Wings : 1 - St.Louis Blues : 3.
5:03 of 3rd period - Robert Thomas wins face-off versus Max Pacioretty in neutral zone.
5:14 of 3rd period - Snap shot by Cole Sillinger.
5:14 of 3rd period - Stopped by Connor Hellebuyck with a rebound.
5:58 of 3rd period - Wrist shot by Vincent Trocheck.
5:58 of 3rd period - Stopped by Laurent Brossoit with a rebound.
6:18 of 3rd period - Snap shot by Max Pacioretty.
6:18 of 3rd period - Goal by Max Pacioretty - Detroit Red Wings : 2 - St.Louis Blues : 3.
6:19 of 3rd period - Cole Sillinger wins face-off versus Jake Guentzel in neutral zone.
6:25 of 3rd period - Minor Penalty to Jake Guentzel for Tripping.
6:26 of 3rd period - Cole Sillinger wins face-off versus Vincent Trocheck in St.Louis Blues zone.
6:36 of 3rd period - Snap shot by Cole Sillinger.
6:36 of 3rd period - Shot Blocked by Jake Sanderson.
6:38 of 3rd period - Slapshot by Jackson LaCombe.
6:38 of 3rd period - Shot Misses the Net.
6:54 of 3rd period - Wrist shot by Patrick Kane.
6:54 of 3rd period - Shot Blocked by Jake Sanderson.
6:56 of 3rd period - Wrist shot by Fraser Minten.
6:56 of 3rd period - Shot Misses the Net.
6:58 of 3rd period - Snap shot by Cutter Gauthier.
6:58 of 3rd period - Shot Blocked by Logan O'Connor.
8:05 of 3rd period - Jackson LaCombe is hit by Jake Sanderson and loses puck.
8:25 of 3rd period - Penalty to Jake Guentzel is over, Jake Guentzel is back on ice.
8:49 of 3rd period - Icing by Peyton Krebs.
8:50 of 3rd period - Kevin Stenlund wins face-off versus Robert Thomas in Detroit Red Wings zone.
8:55 of 3rd period - Jake Guentzel is hit by Peyton Krebs and loses puck.
9:04 of 3rd period - Raphael Lavoie is hit by Jake Guentzel and loses puck.
9:19 of 3rd period - Slapshot by Mark Stone.
9:19 of 3rd period - Goal by Mark Stone - Detroit Red Wings : 2 - St.Louis Blues : 4.
9:20 of 3rd period - Robert Thomas wins face-off versus Cole Sillinger in neutral zone.
10:10 of 3rd period - Icing by Max Pacioretty.
10:11 of 3rd period - Jack Eichel wins face-off versus Cole Sillinger in Detroit Red Wings zone.
10:14 of 3rd period - Snap shot by Alex Tuch.
10:14 of 3rd period - Shot Misses the Net.
10:16 of 3rd period - Slapshot by Brandon Hagel.
10:16 of 3rd period - Shot Misses the Net.
10:18 of 3rd period - Slapshot by Jaccob Slavin.
10:18 of 3rd period - Stopped by Laurent Brossoit with a rebound.
10:20 of 3rd period - Slapshot by Mikhail Sergachev.
10:20 of 3rd period - Shot Misses the Net.
10:22 of 3rd period - Slapshot by Jaccob Slavin.
10:22 of 3rd period - Deflect By Brandon Hagel.
10:22 of 3rd period - Shot Blocked by Max Pacioretty.
10:22 of 3rd period - Puck is out of play.
10:23 of 3rd period - Cutter Gauthier wins face-off versus Robert Thomas in Detroit Red Wings zone.
11:16 of 3rd period - Snap shot by Kevin Stenlund.
11:16 of 3rd period - Stopped by Connor Hellebuyck without a rebound.
11:17 of 3rd period - Kevin Stenlund wins face-off versus Robert Thomas in St.Louis Blues zone.
12:03 of 3rd period - Off-side.
12:04 of 3rd period - Vincent Trocheck wins face-off versus Cole Sillinger in neutral zone.
12:15 of 3rd period - Snap shot by Max Pacioretty.
12:15 of 3rd period - Shot Blocked by Vincent Trocheck.
13:04 of 3rd period - Snap shot by Jack Eichel.
13:04 of 3rd period - Shot Misses the Net.
13:16 of 3rd period - Wrist shot by Rasmus Kupari.
13:16 of 3rd period - Stopped by Connor Hellebuyck with a rebound.
13:18 of 3rd period - Snap shot by Peyton Krebs.
13:18 of 3rd period - Deflect By Raphael Lavoie.
13:18 of 3rd period - Shot Misses the Net.
13:18 of 3rd period - Puck is out of play.
13:19 of 3rd period - Robert Thomas wins face-off versus Kevin Stenlund in St.Louis Blues zone.
13:31 of 3rd period - Slapshot by Peyton Krebs.
13:31 of 3rd period - Deflect By Kevin Stenlund.
13:31 of 3rd period - Shot Misses the Net.
13:31 of 3rd period - Puck is out of play.
13:32 of 3rd period - Jack Eichel wins face-off versus Cutter Gauthier in St.Louis Blues zone.
14:48 of 3rd period - Snap shot by Rasmus Kupari.
14:48 of 3rd period - Shot Misses the Net.
14:50 of 3rd period - Slapshot by Vasili Podkolzin.
14:50 of 3rd period - Stopped by Connor Hellebuyck with a rebound.
14:52 of 3rd period - Slapshot by Yakov Trenin.
14:52 of 3rd period - Shot Blocked by Alex Tuch.
15:02 of 3rd period - Snap shot by Jaccob Slavin.
15:02 of 3rd period - Shot Blocked by Conor Timmins.
15:08 of 3rd period - Snap shot by Patrick Kane.
15:08 of 3rd period - Shot Misses the Net.
15:53 of 3rd period - Slapshot by Jake Sanderson.
15:53 of 3rd period - Shot Blocked by Jackson LaCombe.
16:24 of 3rd period - Minor Penalty to Connor Clifton for Hooking.
16:25 of 3rd period - Cole Sillinger wins face-off versus Vincent Trocheck in St.Louis Blues zone.
16:39 of 3rd period - Snap shot by Max Pacioretty.
16:39 of 3rd period - Shot Misses the Net.
16:41 of 3rd period - Slapshot by Shayne Gostisbehere.
16:41 of 3rd period - Stopped by Connor Hellebuyck with a rebound.
16:57 of 3rd period - Slapshot by Cutter Gauthier.
16:57 of 3rd period - Shot Blocked by Jake Sanderson.
16:59 of 3rd period - Snap shot by Fraser Minten.
16:59 of 3rd period - Shot Blocked by Joona Koppanen.
17:01 of 3rd period - Snap shot by Conor Timmins.
17:01 of 3rd period - Shot Misses the Net.
17:23 of 3rd period - Shayne Gostisbehere is hit by Logan O'Connor and loses puck.
18:24 of 3rd period - Penalty to Connor Clifton is over, Connor Clifton is back on ice.
19:01 of 3rd period - Jamie Drysdale is hit by Alex Tuch and loses puck.
Goals for this period are 2 for Detroit Red Wings vs 3 for St.Louis Blues.
Shots for this period are 9 for Detroit Red Wings vs 7 for St.Louis Blues.